 Dungeon Crawl Stone Soup version 0.28.0-53-g5a82cb258f (webtiles) character file.

Game seed: 396846579279504818

2639 Zeld the Zephyrmancer (level 9, -12/45 HPs)
             Began as a Tengu Air Elementalist on May 25, 2022.
             Was an Initiate of Gozag.
             Mangled by a boulder beetle (57 damage)
             ... on level 8 of the Dungeon.
             The game lasted 00:08:38 (10450 turns).

Zeld the Zephyrmancer (Tengu Air Elementalist)     Turns: 10450, Time: 00:08:39

Health: -12/45     AC:  4    Str:  9    XL:     9   Next: 61%
Magic:  2/21       EV: 14    Int: 19    God:    Gozag
Gold:   401        SH:  0    Dex: 15    Spells: 13/23 levels left

rFire   . . .      SeeInvis .   (no weapon)
rCold   . . .      Faith    .   (no shield)
rNeg    . . .      Spirit   .   a - +0 robe
rPois   .          Reflect  .   m - +1 hat
rElec   .          Harm     .   (no cloak)
rCorr   .          Rampage  .   p - +0 pair of gloves
Will    .....                   (boots unavailable)
Stlth   ++........              (no amulet)
HPRegen 0.15/turn               o - ring of wizardry
MPRegen 0.17/turn               (no ring)

@: flying quickly and evasively, studying Spellcasting, quick
A: beak, talons 3, nimble flight
a: Renounce Religion, Potion Petition, Call Merchant, Bribe Branch


You were on level 8 of the Dungeon.
You worshipped Gozag.
Gozag was aware of your devotion.
You visited 2 branches of the dungeon, and saw 9 of its levels.

You collected 977 gold pieces.
You spent 516 gold pieces at shops.
You paid 60 gold pieces to Gozag.

Inventory:

Armour
 a - a +0 robe (worn)
 m - a +1 hat (worn)
 p - a +0 pair of gloves (worn)
Jewellery
 o - a ring of wizardry (left hand)
 w - a +6 ring of intelligence
Wands
 c - a wand of mindburst (1)
 t - a wand of charming (4)
 x - a wand of flame (22)
 A - a wand of acid (12)
Scrolls
 b - 2 scrolls of teleportation
 d - a scroll of enchant armour
 e - 2 scrolls of fear
 f - 3 scrolls of amnesia
 h - 3 scrolls of enchant weapon
 i - 3 scrolls of magic mapping
 l - a scroll of silence
 r - 2 scrolls of blinking
 y - a scroll of identify
 B - a scroll of brand weapon
Potions
 g - a potion of invisibility {unknown}
 j - a potion of flight {unknown}
 k - a potion of heal wounds {unknown}
 q - a potion of mutation {unknown}
 s - 3 potions of curing
 u - a potion of might {unknown}
 v - 4 potions of attraction {unknown}
 z - a potion of degeneration {unknown}


   Skills:
 - Level 2.1 Dodging
 - Level 2.0 Stealth
 * Level 7.9 Spellcasting
 + Level 7.5 Conjurations
 * Level 11.3 Air Magic


You had 13 spell levels left.
You knew the following spells:

 Your Spells              Type           Power      Damage    Failure   Level
a - Shock                 Conj/Air       100%       1d9       1%          1
b - Static Discharge      Conj/Air       43%        N/A       1%          2
c - Swiftness             Air            50%        N/A       1%          3
d - Airstrike             Air            25%        N/A       1%          4

Your spell library contained the following spells:

 Spells                   Type           Power      Damage    Failure   Level
 Poisonous Vapours        Pois/Air       58%        N/A       1%          2
 Dazzling Flash           Conj/Hex       42%        N/A       2%          3
 Sting                    Tmut/Pois      28%        1d4       4%          1
 Silence                  Hex/Air        14%        N/A       11%         5
 Gell's Gravitas          Tloc           7%         N/A       12%         3
 Teleport Other           Tloc           7%         N/A       12%         3
 Anguish                  Hex/Necr       3%         N/A       34%         4
 Olgreb's Toxic Radiance  Pois           7%         N/A       34%         4
 Dispersal                Tloc           3%         N/A       99%         6


Dungeon Overview and Level Annotations

Branches:
Dungeon (8/15)             Temple (1/1) D:4
   Lair: D:8-11

Altars:
Ashenzari
Cheibriados
Elyvilon
Fedhas
Gozag
Hepliaklqana
Kikubaaqudgha
Makhleb
Nemelex Xobeh
Okawaru
Qazlal
Ru
Sif Muna
Uskayaw
Vehumet
Wu Jian
Xom
Yredelemnul
Zin

Shops:
D:7 ?


Innate Abilities, Weirdness & Mutations

You have a beak for a mouth.
You have claws for feet.
Your magical nature lets you fly swiftly and evasively.


Message History

The air twists around and strikes the boulder beetle!
The boulder beetle is moderately wounded.
Unknown command.
Casting: Airstrike (safe; 1% risk of failure)
Confirm with . or Enter, or press ? or * to list all spells.
Aiming: Airstrike (safe; 1% risk of failure)
Press: ? - help, Dir - move target, f/p - boulder beetle
Aim: a boulder beetle (moderately wounded, empty space bonus: 8/8)
The air twists around and strikes the boulder beetle!
The boulder beetle is heavily wounded.
Unknown command.
Casting: Airstrike (safe; 1% risk of failure)
Confirm with . or Enter, or press ? or * to list all spells.
Aiming: Airstrike (safe; 1% risk of failure)
Press: ? - help, Dir - move target, f/p - boulder beetle
Aim: a boulder beetle (heavily wounded, empty space bonus: 8/8)
The air twists around and strikes the boulder beetle!
The boulder beetle is severely wounded.
The boulder beetle curls into a ball and begins rolling!
Unknown command.
Casting: Airstrike (safe; 1% risk of failure)
Confirm with . or Enter, or press ? or * to list all spells.
Aiming: Airstrike (safe; 1% risk of failure)
Press: ? - help, Dir - move target, f/p - boulder beetle
Aim: a boulder beetle (severely wounded, rolling, empty space bonus: 8/8)
The air twists around and strikes the boulder beetle!
The boulder beetle is almost dead.
Unknown command.
Casting: Airstrike (safe; 1% risk of failure)
Confirm with . or Enter, or press ? or * to list all spells.
You don't have enough magic to cast this spell.
Unknown command.
Unknown command.
Casting: Airstrike (safe; 1% risk of failure)
Confirm with . or Enter, or press ? or * to list all spells.
You don't have enough magic to cast this spell.
The boulder beetle hits you!!!
Ouch! That really hurt!
You die...
Your body crumbles into a pile of gold.

...........................#.....
...........................#...#.
...........................#...#.
...........................#...#.
...........................#.....
.................................
...............................#.
....................<......#.....
...>............@B○°°°°......###.
...........................#..##.
.................................
........^.................###....
..........................# ##.##
..........................####.##
..........................#.....#
................................#
####.......############......<..#


You could see a boulder beetle (rolling).

Vanquished Creatures
  Grinder (D:5)
  Prince Ribbit (D:8)
  A steam dragon (D:8)
  Menkaure (D:7)
  A water moccasin (D:5)
  An orc warrior (D:7)
  2 ice beasts
  A sky beast (D:7)
  4 ogres
  2 necrophages
  3 centaurs
  A kobold brigand (D:6)
  A bullfrog (D:7)
  A scorpion (D:5)
  A water moccasin skeleton (D:6)
  A jelly (D:6)
  A centaur zombie (D:6)
  A centaur skeleton (D:7)
  A gnoll shaman (D:8)
  3 hounds
  2 iguanas
  2 orc wizards (D:8)
  2 howler monkey zombies
  3 adders
  5 gnolls (D:8)
  2 howler monkey skeletons
  2 white imps
  An ufetubus (D:6)
  3 worms
  2 dart slugs (D:2)
  13 orcs
  3 ball pythons
  2 endoplasms
  4 giant cockroaches
  6 goblins
  7 hobgoblins
  3 quokkas
  3 bats (D:2)
  2 frilled lizards
  9 kobolds
  4 rats
109 creatures vanquished.

Notes
Turn   | Place    | Note
-------+----------+-------------------------------------------
     0 | D:1      | Zeld the Tengu Air Elementalist began the quest for the
                  | Orb.
     0 | D:1      | Reached XP level 1. HP: 10/10 MP: 4/4
   233 | D:1      | Reached XP level 2. HP: 10/15 MP: 0/6
   328 | D:1      | Learned a level 2 spell: Static Discharge
   520 | D:1      | Found a faded altar of an unknown god.
  1514 | D:2      | Reached XP level 3. HP: 14/19 MP: 2/7
  1587 | D:2      | Learned a level 3 spell: Swiftness
  2729 | D:2      | Reached skill level 5 in Air Magic
  3285 | D:3      | Reached XP level 4. HP: 23/24 MP: 6/9
  3784 | D:4      | Noticed an ogre
  3798 | D:4      | Killed an ogre
  3799 | D:4      | Gained mutation: Your magical nature lets you fly swiftly
                  | and evasively. [Tengu growth]
  3799 | D:4      | Reached XP level 5. HP: 28/28 MP: 2/11
  3805 | D:4      | Learned a level 4 spell: Airstrike
  3897 | D:4      | Found a staircase to the Ecumenical Temple.
  3944 | Temple   | Entered the Ecumenical Temple
  3963 | Temple   | Became a worshipper of Gozag Ym Sagoz the Greedy
  4315 | D:4      | Reached skill level 6 in Air Magic
  4732 | D:5      | Entered Level 5 of the Dungeon
  4736 | D:5      | Noticed Grinder
  4743 | D:5      | Paralysed by Grinder for 2 turns
  4949 | D:5      | Reached XP level 6. HP: 32/32 MP: 3/12
  5144 | D:5      | Found a hide-covered altar of Uskayaw.
  5150 | D:5      | Noticed a necrophage
  5413 | D:6      | Noticed an ice beast
  5890 | D:5      | Noticed a water moccasin
  5894 | D:5      | Killed a water moccasin
  5953 | D:5      | Killed a necrophage
  5954 | D:5      | Reached skill level 7 in Air Magic
  5954 | D:5      | Reached XP level 7. HP: 28/36 MP: 1/14
  6043 | D:5      | Paralysed by Grinder for 2 turns
  6048 | D:5      | Killed Grinder
  6232 | D:5      | Reached skill level 5 in Spellcasting
  6435 | D:6      | Reached skill level 5 in Conjurations
  6435 | D:6      | Reached skill level 8 in Air Magic
  6627 | D:6      | Reached XP level 8. HP: 41/41 MP: 3/17
  7470 | D:6      | Reached skill level 9 in Air Magic
  8543 | D:7      | Got Ivotog's Compendium of Beguiling
  8573 | D:7      | Noticed Menkaure
  8575 | D:7      | Killed Menkaure
  8576 | D:7      | Reached skill level 10 in Air Magic
  8646 | D:7      | Reached XP level 9. HP: 45/45 MP: 10/20
  9289 | D:7      | Found Bohuug's Magic Scroll Emporium.
  9297 | D:7      | Bought a scroll of identify for 24 gold pieces
  9297 | D:7      | Bought a scroll of blinking for 90 gold pieces
  9297 | D:7      | Bought a scroll of identify for 24 gold pieces
  9297 | D:7      | Bought a scroll of identify for 24 gold pieces
  9297 | D:7      | Bought a scroll of brand weapon for 240 gold pieces
  9297 | D:7      | Bought a scroll of identify for 24 gold pieces
  9297 | D:7      | Bought a scroll of enchant weapon for 90 gold pieces
  9510 | D:8      | Noticed Prince Ribbit
  9516 | D:8      | Killed Prince Ribbit
  9661 | D:8      | Reached skill level 11 in Air Magic
 10443 | D:8      | Noticed a boulder beetle
 10450 | D:8      | Mangled by a boulder beetle

Illustrated notes

Levels and vault maps discovered:
D:1:      eino_arrival_water_cross, layout_loops_ring,
          shapermc_ecumenical_altar_starsandcircs, wad_floor_pattern_1,
          minmay_misc_feat_nine_boxes
D:2:      layout_basic
D:3:      layout_basic, serial_glass, glass_columns_a, glass_columns_c
D:4:      layout_cave_pools, minmay_temple_entry_mini_moons, nrook_loot_triangle
D:5:      layout_loops_ring, mainiacjoe_overflow_alcove_4, uniq_grinder
D:6:      layout_basic
D:7:      layout_cave_pools, st_stairs_13, grunt_ministairs_6,
          hangedman_decor_peaks_small, nicolae_stop_n_shop_1, uniq_menkaure
D:8:      layout_basic, serial_shops, kennysheep_mini_moat, minmay_orc_keep,
          uniq_prince_ribbit1
Temple:   mainiacjoe_temple_coin_purse

Skill      XL: |  1  2  3  4  5  6  7  8  9 |
---------------+----------------------------+-----
Conjurations   | 2 3 4 5 6 7 |  7.5
Air Magic      | 5 6 7 8 10 11 | 11.3
Spellcasting   | 3 4 5 6 7 |  7.9
Dodging        | |  2.1
Stealth        | |  2.0

Action                   |  1- 3 |  4- 6 |  7- 9 || total
-------------------------+-------+-------+-------++-------
Melee: Unarmed           |    40 |    21 |    33 ||    94
       Kick              |    20 |     4 |    14 ||    38
       Peck              |     7 |     4 |     9 ||    20
       Punch             |       |       |     1 ||     1
 Cast: Shock             |    23 |    11 |    16 ||    50
       Static Discharge  |    24 |    14 |       ||    38
       Airstrike         |       |    15 |    93 ||   108
  Use: Scroll            |       |       |    11 ||    11
 Stab: Sleeping          |       |     2 |       ||     2
Armor: Robe              |    11 |     8 |     2 ||    21
Dodge: Dodged            |    30 |    17 |    27 ||    74
